 Dungeon Crawl Stone Soup version 0.14-a0-1519-gc5e2f7f (webtiles) character file.

124 M4edhros the Stinger (level 4, -2/27 HPs)
             Began as an Octopode Venom Mage on Dec 16, 2013.
             Slain by a gnoll
             ... wielding a +2,+0 spear
              (5 damage)
             ... on Level 3 of the Dungeon.
             The game lasted 00:03:45 (1422 turns).

M4edhros the Stinger (Octopode Venom Mage)          Turns: 1422, Time: 00:03:46

HP  -2/27        AC  4     Str  7      XL: 4   Next: 45%
MP   2/8         EV 13     Int 16      God:
Gold 40          SH  2     Dex 12      Spells:  3 memorised,  1 level left

rFire  . . .     SeeInvis .     l - +0,+2 sling (frost)
rCold  . . .     Clarity  .     (no shield)
rNeg   . . .     Conserve .     (helmet restricted)
rPois  .         rCorr    .     (no amulet)
rElec  .         rRot     .     (no ring)
SustAb . .       Spirit   .     (no ring)
rMut   .         Warding  .     (no ring)
Saprov . . .     Stasis   .     (no ring)
                                (no ring)
                                (no ring)
                                (no ring)
                                (no ring)

@: very slightly contaminated, slightly resistant to hostile enchantments, quite
stealthy
A: almost no armour, amphibious, 8 rings, constrict 8, large bone plates 1,
molten scales 1, camouflage 1, dopey 1, gelatinous body 1
a: no special abilities


You were on level 3 of the Dungeon.
You were very hungry.

You visited 1 branch of the dungeon, and saw 3 of its levels.

You collected 40 gold pieces.

Inventory:

Hand weapons
 i - a +0,+1 orcish dagger
 l - a +0,+2 sling of frost (weapon)
Comestibles
 c - a bread ration
 h - a meat ration
 j - a chunk of quokka flesh
Books
 b - a Young Poisoner's Handbook

   Spells                             Type                      Level
   *Sting                             Conjuration/Poison           1
   Cure Poison                        Poison                       2
   *Mephitic Cloud                    Conjuration/Poison/Air       3
   Olgreb's Toxic Radiance            Poison                       4
   Venom Bolt                         Conjuration/Poison           5
 k - a book of Battle

   Spells                             Type                      Level
   Infusion                           Charms                       1
   Shroud of Golubria                 Charms/Translocation         2
   Song of Slaying                    Charms                       2
   Spectral Weapon                    Hexes/Charms                 3
   *Regeneration                      Charms/Necromancy            3


   Skills:
 + Level 2.8 Dodging
 - Level 2.6 Stealth
 + Level 2.6 Spellcasting
 + Level 1.1 Conjurations
 + Level 0.0 Charms
 + Level 0.0 Necromancy
 + Level 1.1 Air Magic
 + Level 5.4 Poison Magic


You had one spell level left.
You knew the following spells:

 Your Spells              Type           Power        Failure   Level  Hunger
a - Sting                 Conj/Pois      ##..         8%          1    #......
b - Mephitic Cloud        Conj/Pois/Air  ##......     21%         3    ###....
c - Regeneration          Chrm/Necr      #.........   65%         3    ###....


Dungeon Overview and Level Annotations

Branches:
Dungeon (3/16)

Altars:


Innate Abilities, Weirdness & Mutations

You cannot wear most types of armour.
You are amphibious.
You can wear up to eight rings at the same time.
You can use your tentacles to constrict many enemies at once.
Your skin changes colour to match your surroundings (Stlth).
Your rubbery body absorbs attacks (AC +1).
You are partially covered in large bone plates (AC +2, SH +2).
You are partially covered in molten scales (AC +1).
You are dopey. (Int -2)


Message History

You kill the bat!
The jackal barely misses you.
The jackal is engulfed in noxious fumes.
The jackal appears confused.
The jackal bites itself.
The gnoll hits you from afar with a spear.
The jackal barely misses you.
Casting: Mephitic Cloud
Confirm with . or Enter, or press ? or * to list all spells.
You don't have enough magic to cast that spell.
You try to slip out of the net.
The jackal bites you but does no damage.
The jackal is engulfed in noxious fumes.
The jackal appears confused.
The gnoll hits you with a flail!
* * * LOW HITPOINT WARNING * * *
The gnoll hits you but does no damage.
The jackal bites you but does no damage.
You slip out of the net!
The jackal misses you. The jackal bites you.
* * * LOW HITPOINT WARNING * * *
The gnoll hits you from afar with a spear.
You die...

. ... .... ...o.
#######g##
.......##@hgg.....
......oo.hg.hg....
≈≈≈≈≈≈≈g≈§....≈≈≈
≈≈≈≈≈≈h§≈§...≈≈≈
≈≈≈≈≈≈≈≈≈....≈≈≈
...............
########++++#


You could see an orc priest, 6 gnolls, an orc and 4 jackals.

Vanquished Creatures
  2 orc priests (D:3)
  An adder (D:2)
  A giant gecko (D:2)
  2 oozes
  An orc (D:3)
  2 giant cockroaches
  2 goblins
  4 hobgoblins
  2 kobolds
  A quokka (D:3)
  A bat (D:3)
  A rat (D:1)
20 creatures vanquished.

Notes
Turn   | Place    | Note
--------------------------------------------------------------
     0 | D:1      | M4edhros, the Octopode Venom Mage, began the quest for the Orb.
     0 | D:1      | Reached XP level 1. HP: 11/11 MP: 3/3
    57 | D:1      | Reached skill level 5 in Poison Magic
   426 | D:1      | Reached XP level 2. HP: 9/17 MP: 4/4
   843 | D:2      | Reached XP level 3. HP: 1/21 MP: 6/6
  1083 | D:2      | Gained mutation: You are partially covered in molten scales (AC +1). [potion of mutation]
  1083 | D:2      | Gained mutation: You are partially covered in large bone plates (AC +2, SH +2). [potion of mutation]
  1083 | D:2      | Gained mutation: You are dopey. (Int -2) [potion of mutation]
  1091 | D:2      | Learned a level 3 spell: Mephitic Cloud
  1340 | D:3      | Reached skill level 1 in Air Magic
  1340 | D:3      | Reached XP level 4. HP: 25/27 MP: 4/8
  1347 | D:3      | Reached skill level 1 in Conjurations
  1389 | D:3      | Learned a level 3 spell: Regeneration
  1422 | D:3      | Slain by a gnoll

Action                   |  1- 3 |  4- 6 || total
-------------------------+-------+-------++-------
Melee: Unarmed           |    72 |       ||    72
       Dagger            |     2 |     6 ||     8
 Cast: Mephitic Cloud    |     2 |     1 ||     3
  Use: Potion            |     3 |       ||     3
       Scroll            |       |     5 ||     5
 Stab: Sleeping          |     2 |       ||     2
